 Dungeon Crawl Stone Soup version 0.32-a0-42-ga30500b4d3 (webtiles) character file.

Game seed: 7218851911048025287

124495 cforsyth the Slayer (level 17, -15/149 HPs)
             Began as a Djinni Reaver on Jan 28, 2024.
             Was an Elder of Yredelemnul.
             Demolished by an enormous slime creature (44 damage)
             ... summoned by an orange crystal statue
             ... in an ice cave.
             The game lasted 01:27:32 (35253 turns).

cforsyth the Slayer (Djinni Reaver)                Turns: 35253, Time: 01:27:33

Health: -15/149    AC: 20    Str: 11    XL:     17   Next: 48%
Gold:   1259       EV: 11    Int: 31    God:    Yredelemnul [****..] SH:  0 Dex: 13

rFire   + + .        Q - +10 flail of Seet {flame, rN+ SInv}
rCold   . . .        (no shield)
rNeg    + + +        x - +3 leather armour {rN+}
rPois   ∞            q - +2 helmet {Int+3}
rElec   +            F - +2 cloak
rCorr   +            v - +3 pair of gloves of Lesser Demons {rElec rPois rCorr}
SInv    +            (boots unavailable)
Will    +....        E - amulet of the Commoners {Reflect rN+ SH+5}
Stlth   +            L - +6 ring of intelligence
HPRegen 0.44/turn    c - ring "Kyh Fill" {rC+ AC+4}
MPRegen 0.00/turn

%: reflection, infuse magic (-16 HP)
@: confused, engulfed, flying, studying 2 skills
A: sickness immunity, fire resistance 2, cold vulnerability 1, float, innate
caster, HP casting, extra vitality 1
a: Renounce Religion, Recall Undead Harvest, Dark Bargain, Drain Life


You were in an ice cave.
You worshipped Yredelemnul.
Yredelemnul was noncommittal.
You visited 4 branches of the dungeon, and saw 22 of its levels.
You also visited: Bailey and Ice Cave.

You collected 2398 gold pieces.
You spent 1139 gold pieces at shops.

Inventory:

Hand Weapons
 a - the +6 war axe of Resourcefulness {freeze, Dex+2}
   (You found it on level 8 of the Dungeon)

   Dex+2:     It affects your dexterity (+2).
 Q - the +10 flail of Seet (weapon) {flame, rN+ SInv}
   (You took it off a deep elf pyromancer on level 12 of the Dungeon)

   rN+:       It protects you from negative energy.
   SInv:      It lets you see invisible.
 V - the +4 flail "Beetleslayer" {flame, rC+ rCorr Dex-3}
   (You found it on level 13 of the Dungeon)

   Dex-3:     It affects your dexterity (-3).
   rC+:       It protects you from cold.
   rCorr:     It protects you from acid and corrosion.
Armour
 e - a +2 robe of fire resistance
 q - a +2 helmet of intelligence (worn)
 v - the +3 pair of gloves of Lesser Demons (worn) {rElec rPois rCorr}
   (You acquired it on level 8 of the Dungeon)

   rElec:     It insulates you from electricity.
   rPois:     It protects you from poison rCorr: It protects you from acid and
   corrosion.
 x - a +3 leather armour of positive energy (worn)
 F - a +2 cloak (worn)
Jewellery
 b - a ring of see invisible
 c - the ring "Kyh Fill" (right hand) {rC+ AC+4}
   (You acquired it on level 7 of the Dungeon)

   [ring of protection]

   AC+4:      It affects your AC (+4).
   rC+:       It protects you from cold.
 B - a ring of protection from fire
 E - the amulet of the Commoners (around neck) {Reflect rN+ SH+5}
   (You found it on level 5 of the Dungeon)

   [amulet of reflection]

   Reflect:   It reflects blocked missile attacks.
   rN+:       It protects you from negative energy.
   SH+5:      It affects your SH (+5).
 J - a +6 ring of dexterity
 K - a ring of resist corrosion
 L - a +6 ring of intelligence (left hand)
 N - the ring "Icetipri" {Ice +Blink rPois Dex+2}
   (You found it on level 3 of the Lair of Beasts)

   [ring of ice]

   Ice:       It enhances your ice magic.
   Dex+2:     It affects your dexterity (+2).
   rF-:       It makes you vulnerable to fire.
   rC+:       It protects you from cold.
   rPois:     It protects you from poison +Blink: It lets you blink.
 O - a ring of protection from cold
Wands
 d - a wand of mindburst (6)
 y - a wand of paralysis (22)
 D - a wand of flame (25)
 I - a wand of iceblast (14)
 P - a wand of polymorph (3)
 W - a wand of light (5)
Scrolls
 f - 2 scrolls of butterflies
 o - 2 scrolls of torment
 p - a scroll of enchant armour
 s - a scroll of revelation
 t - 3 scrolls of identify
 z - 2 scrolls of teleportation
 A - a scroll of blinking
 M - 3 scrolls of fog
 R - 2 scrolls of poison
 S - a scroll of vulnerability
 T - 3 scrolls of enchant weapon
 U - 2 scrolls of immolation
Potions
 g - 4 potions of enlightenment
 h - 2 potions of might
 i - 2 potions of resistance
 j - 7 potions of lignification
 k - 3 potions of degeneration
 l - 2 potions of berserk rage
 m - 3 potions of haste
 n - 9 potions of curing
 r - 2 potions of cancellation
 u - 8 potions of mutation
 w - 6 potions of heal wounds
 C - 7 potions of ambrosia
 G - 7 potions of attraction
 H - 3 potions of brilliance
Miscellaneous
 X - a phantom mirror


   Skills:
 + Level 22.8 Fighting
 - Level 2.6 Short Blades
 - Level 2.1 Dodging
 + Level 16.6 Spellcasting
 + Level 16.6 Conjurations
 + Level 16.6 Hexes
 + Level 16.6 Summonings
 + Level 16.6 Necromancy
 + Level 16.6 Translocations
 + Level 16.6 Fire Magic
 + Level 16.6 Ice Magic
 + Level 16.6 Air Magic
 + Level 16.6 Earth Magic
 + Level 16.6 Alchemy


You knew the following spells:

 Your Spells              Type           Power      Damage    Failure   Level
a - Kiss of Death         Conj/Necr      100%       2d13      0%          1
b - Momentum Strike       Conj/Tloc      100%       3d10      0%          2
c - Hailstorm             Conj/Ice       91%        3d15      0%          3
d - Apportation           Tloc           100%       N/A       0%          1
e - Mercury Vapours       Alch/Air       100%       N/A       0%          2
f - Teleport Other        Tloc           91%        N/A       0%          3
g - Martyr's Knell        Necr/Summ      91%        N/A       1%          4
h - Dispel Undead         Necr           91%        3d29      1%          4
i - Yara's Violent Unrav  Hex/Alch       45%        3d18      1%          5
j - Plasma Beam           Fire/Air       45%        2x1d60    1%          6
k - Enfeeble              Hex            45%        N/A       1%          7
Your spell library was empty.

Dungeon Overview and Level Annotations

Branches:
Dungeon (15/15)            Temple (1/1) D:5            Lair (5/5) D:11
 Shoals (0/4) Lair:3       Spider (1/4) Lair:3        Slime (0/5) Lair:5
    Orc (0/2) D:9          Vaults (0/5) D:13         Depths (0/4) D:15
 Bailey (visited)           IceCv (1/1)

Altars:
Ashenzari
Cheibriados
Dithmenos
Elyvilon
Fedhas
Gozag
Hepliaklqana
Makhleb
Nemelex Xobeh
Okawaru
Qazlal
Ru
Trog
Uskayaw
Wu Jian
Xom
Yredelemnul
Zin
The Shining One
Jiyva

Shops:
D:4 [=*   D:8 *?   D:12 *

Annotations:
Lair:2 3 runed translucent doors, Walel's ghost, journeyman TeAE
Lair:5 1 runed translucent door IceCv exclusion: orange crystal statue


Innate Abilities, Weirdness & Mutations

You are immune to sickness and miasma.
You are immune to poison.
Your flesh is very heat resistant. (rF++)
You are vulnerable to cold. (rC-)
You float through the air rather than walking.
You learn spells naturally, not from books.
Your magical power is your life essence.
You have superior vitality. (+4 MHP)


Message History

Your quicksilver ooze zombie hits your quicksilver ooze zombie.
Your quicksilver ooze zombie hits itself!
Your quicksilver ooze zombie is destroyed!
Your quicksilver ooze zombie hits your quicksilver ooze zombie!
Your quicksilver ooze zombie barely misses your quicksilver ooze zombie.
Your quicksilver ooze zombie hits itself!
Your quicksilver ooze zombie hits itself.
You can no longer bind living souls.
You bump into the ice covered rock wall.
The quicksilver ooze hits you! x2; The large slime creature hits you!!
Two slime creatures merge to form a large slime creature.
The orange crystal statue glitters.
You are more confused.
Your quicksilver ooze zombie appears confused. x2
Your quicksilver ooze zombie hits your azure jelly zombie!
Your quicksilver ooze zombie hits your azure jelly zombie but does no damage.
Your quicksilver ooze zombie hits itself! x2
The quicksilver ooze hits you. The quicksilver ooze hits you!
You sock the orange crystal statue!
The orange crystal statue is almost destroyed.
The quicksilver ooze hits you.
The quicksilver ooze hits you but does no damage.
The large slime creature hits you!!
* * * LOW HITPOINT WARNING * * *
The orange crystal statue fixes its piercing gaze on you.
The quicksilver ooze closely misses you.
The quicksilver ooze hits you but does no damage.
Two slime creatures merge to form an enormous slime creature.
Your quicksilver ooze zombie hits your quicksilver ooze zombie.
Your quicksilver ooze zombie hits your quicksilver ooze zombie!
You hit the orange crystal statue.
The orange crystal statue is almost destroyed.
The quicksilver ooze barely misses you. The quicksilver ooze hits you.
* * * LOW HITPOINT WARNING * * *
The orange crystal statue fixes its piercing gaze on you.
The quicksilver ooze barely misses you. The quicksilver ooze hits you.
* * * LOW HITPOINT WARNING * * *
The enormous slime creature hits you!!!
You die...
Your body becomes fuel for the black torch.

####.. ..... ## ... ##..
#.# ..... ##.########
#....# #.........##
#....### ###...........
.###..J8###.....###.....
.....ZJ@ZZ..Z.######....
....####....###[).......
# ###### [?##.....
##.....# ## ###...####
...## ####....##
.....#####.....###
#.........####
####...####


You could see an orange crystal statue (ally target), an enormous slime creature
(summoned), a quicksilver ooze (summoned), a glowing shapeshifter simulacrum
(summoned), a friendly azure jelly zombie (confused) and 2 friendly quicksilver
ooze zombies.

Vanquished Creatures
  Rupert (D:14)
  A ghost moth (Spider:1)
  The ghost of Cophusiv the Bludgeoner, a journeyman DsGl of Hepliaklqana (D:15)
  2 quicksilver oozes (IceCv)
  4 dire elephants (Lair:5)
  Azrael (D:13)
  2 fire dragons (D:15)
  4 vault guards (D:13)
  Erolcha (D:12)
  3 hydras
  Harold (D:10)
  Erica (D:8)
  An ogre mage (D:15)
  A centaur warrior (D:15)
  6 two-headed ogres
  5 boulder beetles
  3 tengu warriors
  2 death knights (D:15)
  A spectral dire elephant (Lair:5)
  13 death yaks
  A deep elf knight (D:14)
  Sonja (D:13)
  A fire crab (Lair:5)
  A spectral death yak (Lair:5)
  A spectral anaconda (Lair:5)
  An orb spider (Spider:1)
  A steelbarb worm (Spider:1)
  An obsidian statue (Lair:5)
  2 deep elf archers
  2 harpies (Lair:3)
  3 necromancers (Lair:5)
  The ghost of RockinRobin the Trooper, a novice DsFi of Ignis (D:7)
  5 deep elf zephyrmancers (D:14)
  8 ugly things
  A phantasmal warrior (D:15)
  10 deep elf pyromancers
  2 orc sorcerers (D:15)
  5 orc knights
  4 wolf spiders
  2 manticores (D:12)
  Maurice (D:10)
  3 cyclopes
  Joseph (D:11)
  11 elephants
  3 meliai
  5 black mambas
  A gargoyle (D:13)
  2 torpor snails (Lair:5)
  10 cane toads
  2 rime drakes
  2 freezing wraiths (D:15)
  6 yaktaurs
  An unseen horror (D:11)
  7 komodo dragons
  2 tengu conjurers (D:13)
  A polar bear (Lair:5)
  4 trolls
  A wind drake (shapeshifter) (D:14)
  5 blink frogs
  A jumping spider (Spider:1)
  17 dream sheep
  A tarantella (Spider:1)
  A vampire (D:9)
  9 slime creatures
  29 yaks
  3 wyverns
  9 wraiths
  2 steam dragons
  A fire elemental (D:13)
  10 redbacks
  5 vampire mosquitoes (D:11)
  A human (D:13)
  2 basilisks
  2 death yak simulacra (Lair:5)
  3 hell hounds (D:13)
  11 water moccasins
  3 great orb of eyes simulacra (IceCv)
  An ice beast (D:6)
  18 orc warriors
  3 black bears
  2 laughing skulls (D:15)
  5 ogres
  An ogre (shapeshifter) (D:14)
  12 wolves
  2 elephant skeletons (Lair:5)
  4 centaurs
  2 phantoms
  2 slime creature simulacra (IceCv)
  4 kobold brigands
  6 bullfrogs
  A gnoll sergeant (D:8)
  3 scorpions
  5 glowing shapeshifter simulacra (IceCv)
  An elephant simulacrum (Lair:5)
  13 killer bees
  A polar bear zombie (Lair:5)
  3 bombardier beetles
  A howler monkey (D:5)
  4 hounds
  3 jellies
  2 sleepcaps
  2 gnoll boudas
  3 orc priests
  Jessica (D:2)
  2 iguanas (D:5)
  11 orc wizards
  15 gnolls
  An orc zombie (Bailey)
  12 adders
  A shadow imp (D:5)
  2 ufetubi (D:6)
  2 dart slugs (D:4)
  2 ribbon worms
  41 orcs
  5 endoplasms
  4 giant cockroaches
  10 goblins
  3 hobgoblins
  20 kobolds
  A quokka (D:3)
  8 ball pythons
  3 bats (D:1)
  3 frilled lizards
  7 rats
543 creatures vanquished.

Vanquished Creatures (collateral kills)
  An azure jelly (IceCv)
  A stone giant (D:15)
  A quicksilver ooze (IceCv)
  Josephine (Lair:4)
  A vault guard (D:13)
  2 hydras
  A radroach (Spider:1)
  A boulder beetle (Lair:3)
  A death yak (Lair:2)
  A tengu warrior (D:14)
  A quicksilver ooze zombie (IceCv)
  A deep elf knight (D:14)
  An orb spider (Spider:1)
  A deep elf archer (D:14)
  An orc knight (D:11)
  A deep elf pyromancer (D:14)
  A deep elf zephyrmancer (D:14)
  An ugly thing (D:15)
  A cyclops (D:14)
  4 elephants
  A black mamba (Lair:4)
  A torpor snail (Spider:1)
  4 cane toads
  4 komodo dragons
  A queen bee (D:7)
  A troll (D:11)
  3 blink frogs
  5 dream sheep
  3 tarantellas (Spider:1)
  A slime creature (D:14)
  A jumping spider (Spider:1)
  4 yaks
  2 basilisks
  A redback (Spider:1)
  2 vampire mosquitoes (D:11)
  7 water moccasins
  A hell hound (D:13)
  A black bear (Lair:1)
  An orc warrior (Bailey)
  2 centaurs
  6 wolves
  A phantom (D:6)
  A kobold brigand (D:8)
  6 bullfrogs
  A scorpion (D:6)
  A glowing shapeshifter simulacrum (IceCv)
  2 killer bees (D:10)
  An orc priest (D:10)
  3 hounds
  An orc wizard (D:10)
  2 gnolls (D:6)
  An adder (D:5)
  4 orcs
100 creatures vanquished.

Vanquished Creatures (others)
  3 ugly thing zombies (D:14)
  A wolf spider zombie (Spider:1)
  5 redback zombies
  An unseen horror zombie (D:11)
  A death yak zombie (Lair:4)
  A meliai zombie (Spider:1)
  A jumping spider zombie (Spider:1)
  A slime creature zombie (D:15)
  A human zombie (Lair:5)
  A two-headed ogre zombie (D:15)
  4 cane toad zombies
  A tengu zombie (D:14)
  An ogre zombie (D:15)
  5 elf zombies (D:14)
  5 dream sheep zombies
  2 elephant zombies (Lair:5)
  5 blink frog zombies
  2 yaktaur zombies (D:15)
  A komodo dragon zombie (Lair:2)
  8 water moccasin zombies
  8 yak zombies
  A troll zombie (D:11)
  5 wolf zombies
  3 centaur zombies
  3 bullfrog zombies
  A basilisk zombie (Lair:5)
  A scorpion zombie (D:6)
  A killer bee zombie (D:7)
  An ice beast zombie (D:6)
  A hound zombie (D:6)
  A steam dragon zombie (D:9)
  A shadow imp (D:7)
  A jelly zombie (D:6)
  4 kobold zombies
  23 orc zombies
  A spectral ufetubus (D:6)
106 creatures vanquished.

Grand Total: 749 creatures vanquished

Notes
Turn   | Place    | Note
-------+----------+-------------------------------------------
     0 | D:1      | cforsyth the Djinni Reaver began the quest for the Orb.
     0 | D:1      | cforsyth set off with the following spells memorised: Kiss
                  | of Death, Momentum Strike, Hailstorm.
     0 | D:1      | Reached XP level 1. HP: 18/18 MP: 0/0
   247 | D:1      | Reached XP level 2. HP: 23/23 MP: 0/0
  1022 | D:2      | Noticed Jessica
  1028 | D:2      | Killed Jessica
  1029 | D:2      | Reached skill level 3 in Fighting
  1029 | D:2      | Reached XP level 3. HP: 22/30 MP: 0/0
  1029 | D:2      | Learned a level 1 spell: Apportation
  1136 | D:2      | Reached XP level 4. HP: 19/35 MP: 0/0
  1239 | D:1      | Reached XP level 5. HP: 19/38 MP: 0/0
  1239 | D:1      | Learned a level 2 spell: Mercury Vapours
  1560 | D:2      | Found a faded altar of an unknown god.
  2099 | D:2      | Reached skill level 4 in Fighting
  2353 | D:3      | Found a hide-covered altar of Uskayaw.
  2370 | D:3      | Found Emoysuokh's Antique Armour Emporium.
  2432 | D:3      | Reached XP level 6. HP: 40/48 MP: 0/0
  3580 | D:4      | Reached skill level 5 in Fighting
  3584 | D:4      | Found Syboc's Jewellery Emporium.
  3585 | D:4      | Found Quhih's Assorted Antiques.
  3586 | D:4      | Found Labrucw's Antique Armour Boutique.
  3603 | D:4      | Reached XP level 7. HP: 29/54 MP: 0/0
  3603 | D:4      | Learned a level 3 spell: Teleport Other
  3697 | D:4      | Bought a scroll labelled YNOPLI XOQEOGU for 31 gold pieces
  3697 | D:4      | Bought a scroll labelled YNOPLI XOQEOGU for 31 gold pieces
  3697 | D:4      | Bought 2 bubbling red potions for 55 gold pieces
  3697 | D:4      | Bought a scroll labelled ONGOIVV BOJO for 31 gold pieces
  3697 | D:4      | Bought a scroll labelled RUPSISI GIJO for 31 gold pieces
  4118 | D:4      | Reached skill level 5 in Spellcasting
  4118 | D:4      | Reached skill level 5 in Conjurations
  4118 | D:4      | Reached skill level 5 in Hexes
  4118 | D:4      | Reached skill level 5 in Summonings
  4118 | D:4      | Reached skill level 5 in Necromancy
  4118 | D:4      | Reached skill level 5 in Translocations
  4118 | D:4      | Reached skill level 5 in Fire Magic
  4118 | D:4      | Reached skill level 5 in Ice Magic
  4118 | D:4      | Reached skill level 5 in Air Magic
  4118 | D:4      | Reached skill level 5 in Earth Magic
  4118 | D:4      | Reached skill level 5 in Alchemy
  4297 | D:4      | Found a broken altar of Ashenzari.
  4361 | D:4      | Reached skill level 6 in Fighting
  4585 | D:5      | Entered Level 5 of the Dungeon
  4607 | D:5      | Reached XP level 8. HP: 25/59 MP: 0/0
  4838 | D:5      | Found a staircase to the Ecumenical Temple.
  4860 | Temple   | Entered the Ecumenical Temple
  4885 | Temple   | Became a worshipper of Yredelemnul the Dark
  5162 | D:5      | Reached skill level 7 in Fighting
  5166 | D:5      | Identified the amulet of the Commoners {Reflect rN+ SH+5}
  5343 | D:5      | Reached * piety under Yredelemnul
  5737 | D:6      | Reached XP level 9. HP: 53/69 MP: 0/0
  5737 | D:6      | Learned a level 4 spell: Martyr's Knell
  5947 | D:6      | Reached skill level 8 in Fighting
  6265 | D:6      | Noticed a two-headed ogre
  6274 | D:6      | Killed a two-headed ogre
  6275 | D:6      | Reached skill level 9 in Fighting
  6583 | D:6      | Noticed a komodo dragon
  6615 | D:6      | Killed a komodo dragon
  6616 | D:6      | Reached XP level 10. HP: 67/78 MP: 0/0
  6785 | D:6      | Found a sparkling altar of Nemelex Xobeh.
  7119 | D:7      | Identified 2 scrolls of acquirement
  7119 | D:7      | Acquired the ring "Kyh Fill" {rC+ AC+4}
  7122 | D:7      | Acquired 531 gold pieces
  7161 | D:7      | Reached skill level 10 in Fighting
  7181 | D:7      | Found a transporter.
  7181 | D:7      | Found a flagged portal.
  7181 | D:7      | Noticed RockinRobin's ghost (novice DsFi)
  7185 | D:7      | Found a transporter.
  7190 | Bailey   | Entered a bailey
  7597 | Bailey   | Reached ** piety under Yredelemnul
  8699 | Bailey   | Noticed an orc knight
  8699 | Bailey   | Noticed an orc knight
  9098 | D:7      | Reached skill level 11 in Fighting
  9682 | D:7      | Found an opulent altar of Gozag.
  9855 | D:7      | Reached skill level 14 in Fighting
  9855 | D:7      | Reached skill level 10 in Spellcasting
  9855 | D:7      | Reached skill level 10 in Conjurations
  9855 | D:7      | Reached skill level 10 in Hexes
  9855 | D:7      | Reached skill level 10 in Summonings
  9855 | D:7      | Reached skill level 10 in Necromancy
  9855 | D:7      | Reached skill level 10 in Translocations
  9855 | D:7      | Reached skill level 10 in Fire Magic
  9855 | D:7      | Reached skill level 10 in Ice Magic
  9855 | D:7      | Reached skill level 10 in Air Magic
  9855 | D:7      | Reached skill level 10 in Earth Magic
  9855 | D:7      | Reached skill level 10 in Alchemy
  9855 | D:7      | Reached XP level 11. HP: 94/94 MP: 0/0
  9855 | D:7      | Learned a level 4 spell: Dispel Undead
 10129 | D:4      | Bought a shiny helmet for 180 gold pieces
 10404 | D:8      | Identified the +6 war axe of Resourcefulness {freeze,
                  | Dex+2}
 10465 | D:8      | Reached *** piety under Yredelemnul
 10510 | D:8      | Found Qobu's Magic Scroll Emporium.
 10545 | D:8      | Found Paubbudui's Elemental Accessories.
 10652 | D:8      | Noticed Erica
 10668 | D:8      | Killed Erica
 10669 | D:8      | Reached skill level 15 in Fighting
 11296 | D:9      | Found a snail-covered altar of Cheibriados.
 11606 | D:9      | Reached XP level 12. HP: 74/103 MP: 0/0
 11918 | D:9      | Found a staircase to the Orcish Mines.
 11927 | D:9      | Found a bloodstained altar of Trog.
 12615 | D:8      | Bought a scroll of acquirement for 780 gold pieces
 12615 | D:8      | Acquired the +3 pair of gloves of Lesser Demons {rElec
                  | rPois rCorr}
 12670 | D:10     | Entered Level 10 of the Dungeon
 12760 | D:10     | Reached skill level 16 in Fighting
 12932 | D:10     | Noticed Harold
 12941 | D:10     | Killed Harold
 12990 | D:10     | Found a shimmering altar of Xom.
 13323 | D:10     | Reached **** piety under Yredelemnul
 13333 | D:10     | Reached ***** piety under Yredelemnul
 13497 | D:10     | Noticed Maurice
 13508 | D:10     | Killed Maurice
 13663 | D:10     | Reached ****** piety under Yredelemnul
 14231 | D:11     | Identified the +1 scale mail of Integrity {+Blink Stlth+}
 14383 | D:11     | Noticed a two-headed ogre
 14666 | D:11     | Killed a two-headed ogre
 14675 | D:11     | Reached skill level 17 in Fighting
 14853 | D:11     | Noticed Joseph
 14862 | D:11     | Noticed a +3 long sword
 14867 | D:11     | Killed Joseph
 15222 | D:11     | Reached XP level 13. HP: 104/112 MP: 0/0
 15222 | D:11     | Learned a level 5 spell: Yara's Violent Unravelling
 15565 | D:11     | Found a staircase to the Lair.
 15813 | D:12     | Noticed Erolcha
 15842 | Lair:1   | Entered Level 1 of the Lair of Beasts
 16943 | Lair:2   | Noticed Walel's ghost (journeyman TeAE)
 16944 | Lair:2   | Noticed a minotaur
 17242 | Lair:2   | Reached skill level 18 in Fighting
 17882 | Lair:2   | Found a runed translucent gate.
 17883 | Lair:2   | Found a runed translucent gate.
 17884 | Lair:2   | Found a runed translucent gate.
 21021 | Lair:3   | Noticed a seven-headed hydra
 21314 | Lair:3   | Identified the ring "Icetipri" {Ice +Blink rPois Dex+2}
 21543 | Lair:3   | Found a hole to the Spider Nest.
 21563 | Lair:3   | Reached XP level 14. HP: 112/121 MP: 0/0
 22219 | Lair:3   | Found a staircase to the Shoals.
 22455 | Lair:3   | Reached skill level 19 in Fighting
 23219 | Lair:4   | Noticed Josephine
 23240 | Lair:4   | Killed Josephine
 24517 | Lair:5   | Entered Level 5 of the Lair of Beasts
 25405 | Lair:3   | Reached XP level 15. HP: 59/130 MP: 0/0
 25405 | Lair:3   | Learned a level 6 spell: Plasma Beam
 25893 | Lair:5   | Reached skill level 20 in Fighting
 27301 | Lair:5   | Found a runed translucent door.
 27301 | Lair:5   | Found a viscous altar of Jiyva.
 27302 | Lair:5   | Noticed an azure jelly
 27305 | Lair:5   | Found a staircase to the Slime Pits.
 27306 | Lair:5   | Noticed an azure jelly
 28025 | D:7      | Killed RockinRobin's ghost
 28321 | D:12     | Killed Erolcha
 28632 | D:12     | Identified the +7 chain mail of Gaff {Harm rC- MP+9 Dex+6}
 28634 | D:12     | Identified the +10 flail of Seet {flame, rN+ SInv}
 28942 | D:12     | Found Suom's General Store.
 28973 | D:12     | Reached skill level 15 in Spellcasting
 28973 | D:12     | Reached skill level 15 in Conjurations
 28973 | D:12     | Reached skill level 15 in Hexes
 28973 | D:12     | Reached skill level 15 in Summonings
 28973 | D:12     | Reached skill level 15 in Necromancy
 28973 | D:12     | Reached skill level 15 in Translocations
 28973 | D:12     | Reached skill level 15 in Fire Magic
 28973 | D:12     | Reached skill level 15 in Ice Magic
 28973 | D:12     | Reached skill level 15 in Air Magic
 28973 | D:12     | Reached skill level 15 in Earth Magic
 28973 | D:12     | Reached skill level 15 in Alchemy
 29270 | D:12     | Identified the +8 long sword "Viuzxaost" {vamp, *Rage rN+
                  | Will+}
 29519 | D:13     | Reached skill level 21 in Fighting
 29808 | D:13     | Noticed Azrael
 29814 | D:13     | Killed Azrael
 30030 | D:13     | Reached XP level 16. HP: 123/140 MP: 0/0
 30171 | D:13     | Noticed Sonja
 30171 | D:13     | Killed Sonja
 30487 | D:13     | Found a gate to the Vaults.
 30712 | D:13     | Identified the +4 flail "Beetleslayer" {flame, rC+ rCorr
                  | Dex-3}
 31123 | D:14     | Noticed Rupert
 31127 | D:14     | Killed Rupert
 32353 | D:15     | Entered Level 15 of the Dungeon
 32362 | D:15     | Reached skill level 22 in Fighting
 32626 | D:15     | Found a runed translucent door.
 33328 | D:15     | Reached XP level 17. HP: 136/148 MP: 0/0
 33328 | D:15     | Learned a level 7 spell: Enfeeble
 33395 | D:15     | Identified the +6 long sword "Nojoute" {drain, Str+4}
 33396 | D:15     | Noticed Cophusiv's ghost (journeyman DsGl)
 33729 | D:15     | Found a staircase to the Depths.
 34340 | D:15     | Killed Cophusiv's ghost
 34543 | Spider:1 | Entered Level 1 of the Spider Nest
 34590 | Spider:1 | HP: 6/149 [jumping spider (12)]
 34688 | Spider:1 | Found a glacial archway.
 34895 | IceCv    | Entered an ice cave
 35253 | IceCv    | Demolished by an enormous slime creature

Illustrated notes

Levels and vault maps discovered:
D:1:      heliophobic_arrival_glass_houses, layout_loops_corners, st_stairs_2
D:2:      layout_loops_ring, ebering_ecumenical_altar_hall,
          minmay_snake_closets, uniq_jessica
D:3:      layout_loops_corners, general_overflow_altar, serial_shops, shop,
          nicolae_elevator_lobby_plus
D:4:      layout_basic, mainiacjoe_overflow_six_doors_small,
          kennysheep_cluttered_room, nicolae_wooded_promenade,
          minmay_diced_spiral
D:5:      layout_gridville, minmay_temple_entry_mist, chequers_garden
D:6:      layout_basic, nemelex_diamond_rough_becter
D:7:      layout_basic, mainiacjoe_overflow_24_doors, gammafunk_ghost_hive,
          enter_bailey_2
D:8:      layout_layer_cave, serial_shops, shop, nicolae_elemental_shop,
          uniq_erica
D:9:      layout_stronghold, cheibriados_altar_1, kennysheep_little_box,
          lemuel_doored_altar, orc_0_dummy, hangedman_decor_clover_reticule,
          minmay_crystal_water, minmay_quadrilaterals
D:10:     layout_basic, xom_teletrap_fun, dreamdust_princess_corridor,
          nicolae_concentric_dashed_squares_mild, dreamdust_princess_bridge,
          dk_rats_in_the_wall, uniq_maurice, uniq_harold
D:11:     layout_basic, lair_entry_dummy, sword_in_stone
D:12:     layout_loops_corners, nicolae_take_the_stairs, uniq_erolcha
D:13:     layout_roguey, grunt_vaults_entry_fortified, vehumet_crystals,
          uniq_sonja, uniq_azrael
D:14:     minmay_elf_outpost, layout_cave_pools, minmay_misc_feat_secret_circle,
          uniq_rupert
D:15:     grunt_enter_depths_snipers, layout_cave_pools,
          ebering_ghost_inner_flame, grunt_ministairs_13
Temple:   eino_narrow_crystal_temple
Lair:1:   layout_roguey, minivault_26, serial_bayou_shore_b
Lair:2:   layout_cave_pods, maelrawn_ghost_gauntlet_escape, minivault_23,
          minivault_25, infiniplex_staircase_pool
Lair:3:   layout_cave_pods, nicolae_shoals_entry_roost, spider_nest_entry_webs,
          chequers_serial_rivers_large_b
Lair:4:   layout_gridlike, grunt_megastairs_2, uniq_josephine
Lair:5:   due_jungle_book, layout_big_grid, slime_entry_2, minivault_23,
          nicolae_quartered_pool_medium
Spider:1: nicolae_spider_corner, portal_ice_cave_entry_pillars_1, drop_trap
IceCv:    ice_cave_hellmonk_azure_passage

Skill      XL: |  1  2  3  4  5  6  7  8  9 10 11 12 13 14 15 16 |
---------------+-------------------------------------------------+-----
Spellcasting   | 3 4 5 6 7 10 11 12 14 15 16 | 16.6
Conjurations   | 3 4 5 6 7 10 11 12 14 15 16 | 16.6
Hexes          | 3 4 5 6 7 10 11 12 14 15 16 | 16.6
Summonings     | 3 4 5 6 7 10 11 12 14 15 16 | 16.6
Necromancy     | 3 4 5 6 7 10 11 12 14 15 16 | 16.6
Translocations | 3 4 5 6 7 10 11 12 14 15 16 | 16.6
Fire Magic     | 3 4 5 6 7 10 11 12 14 15 16 | 16.6
Ice Magic      | 3 4 5 6 7 10 11 12 14 15 16 | 16.6
Air Magic      | 3 4 5 6 7 10 11 12 14 15 16 | 16.6
Earth Magic    | 3 4 5 6 7 10 11 12 14 15 16 | 16.6
Alchemy        | 3 4 5 6 7 10 11 12 14 15 16 | 16.6
Fighting       | 3 4 5 6 7 9 14 15 17 18 19 21 22 | 22.8
Short Blades   | |  2.6
Dodging        | |  2.1

Action                     |  1- 3 |  4- 6 |  7- 9 | 10-12 | 13-15 | 16-18 || total
---------------------------+-------+-------+-------+-------+-------+-------++-------
  Melee: Short sword       |    83 |   237 |   158 |   189 |       |       ||   667
         Punch             |     1 |     1 |       |    12 |     6 |       ||    20
         War axe           |       |       |       |   223 |   495 |       ||   718
         Flail             |       |       |       |       |    10 |    16 ||    26
   Cast: Momentum Strike   |     2 |     3 |    20 |    28 |     1 |       ||    54
         Kiss of Death     |       |     1 |     3 |       |       |       ||     4
         Mercury Vapours   |       |    39 |    45 |    97 |    95 |     2 ||   278
         Hailstorm         |       |       |    37 |    39 |     9 |     5 ||    90
         Teleport Other    |       |       |     1 |    13 |    13 |       ||    27
         Martyr's Knell    |       |       |       |     5 |    13 |     2 ||    20
         Dispel Undead     |       |       |       |     1 |    13 |     5 ||    19
         Yara's Violent Un |       |       |       |       |    15 |     1 ||    16
         Plasma Beam       |       |       |       |       |    92 |   157 ||   249
 Invoke: Recall Undead Har |       |       |       |     2 |     1 |     3 ||     6
         Dark Bargain      |       |       |       |     2 |       |       ||     2
  Evoke: Wand              |       |       |       |       |     3 |       ||     3
    Use: Potion            |     2 |       |       |     1 |     2 |     4 ||     9
         Scroll            |       |       |     1 |    23 |    15 |     2 ||    41
   Stab: Sleeping          |       |     1 |       |       |     1 |       ||     2
         Distracted        |       |       |     1 |     3 |    13 |       ||    17
 Armour: Leather armour    |    44 |       |       |    26 |   810 |   114 ||   994
         Robe              |    13 |    89 |    95 |   391 |       |       ||   588
  Dodge: Dodged            |    44 |    91 |    86 |   297 |   466 |    40 ||  1024
  Block: Other             |    15 |    36 |    44 |   133 |   168 |    16 ||   412
         Reflection        |     1 |     4 |     1 |    16 |       |     4 ||    26

Table legend: (Time is in decaauts)
 A = Elapsed time spent in this place.
 B = Non-inter-level travel time spent in this place.
 C = Inter-level travel time spent in this place.
 D = Time resting spent in this place.
 E = Time spent auto-exploring this place.
 F = Levels seen in this place.
 G = Mean time per level.
                   A        B        C        D        E       F      G
               +--------+--------+--------+--------+--------+-----+--------+
         Total |  35577 |  34091 |   1486 |   5426 |  23155 |  24 | 1482.4 |
       Dungeon |  20652 |  19487 |   1165 |   1239 |  15168 |  15 | 1376.8 |
        Temple |     40 |     25 |     15 |      0 |      0 |   1 |   40.0 |
          Lair |  12313 |  12008 |    305 |   2855 |   7378 |   5 | 2462.6 |
   Spider Nest |    347 |    347 |      0 |    234 |      0 |   1 |  347.0 |
        Bailey |   1863 |   1863 |      0 |    996 |    433 |   1 | 1863.0 |
      Ice Cave |    359 |    359 |      0 |    102 |    176 |   1 |  359.0 |
               +--------+--------+--------+--------+--------+-----+--------+

Top non-repeatable levels by time:
  Lair:2: 3028 daAuts
  Lair:1: 2615 daAuts
  Lair:4: 2571 daAuts
  Lair:3: 2219 daAuts
    D:11: 1935 daAuts
  Lair:5: 1879 daAuts
  Bailey: 1863 daAuts
    D:14: 1788 daAuts
    D:15: 1605 daAuts
    D:13: 1546 daAuts
    D:10: 1498 daAuts
     D:9: 1489 daAuts
     D:6: 1399 daAuts
     D:7: 1373 daAuts
    D:12: 1222 daAuts
